 Dungeon Sprint DCSS version 0.16-a0-3807-g3748f16 (webtiles) character file.

33711460 BluebellGnoll the Bringer of Life (level 20, 313/330 HPs)
             Began as a Deep Dwarf Gladiator on Jan 28, 2015.
             Was the Champion of Elyvilon.
             Escaped with the Orb
             ... and 8 runes on Jan 29, 2015!
             The game lasted 02:54:00 (12128 turns).

BluebellGnoll the Bringer of Life (DDGl)           Turns: 12128, Time: 02:54:00

Health: 313/330    AC: 47    Str: 22    XL:     20   Next: 85%
Magic:  27/27      EV: 20    Int: 18    God:    Elyvilon [******]
Gold:   2          SH: 30    Dex: 19    Spells: 2 memorised, 37 levels left

rFire  + + .     SeeInvis .     r - +3 broad axe (chop)
rCold  + . .     Clarity  .     c - +8 gold dragon armour
rNeg   + . .     SustAb   .     y - +3 large shield
rPois  +         Gourm    +     a - +0 helmet
rElec  +         Spirit   .     K - +1 cloak {+Inv}
rCorr  .         Warding  .     D - +2 pair of gloves {Str+3}
rMut   .         NoTele   +     J - +1 pair of boots
MR     +++++                    Z - amulet "Ghoomon" {Gourm rF+ MR+}
Stlth  ..........               H - ring of poison resistance
                                V - ring "Gosha" {+Inv rElec Int+6 Dex-2}

@: divinely vigorous, very slightly contaminated, non-regenerating, hasted, very
quick, almost entirely resistant to hostile enchantments, extremely unstealthy
A: damage resistance, recharge devices, repulsion field 1, agile 1,
deterioration 3, frail 1, magic resistance 1, negative energy resistance 1,
sense surroundings 3, slow healing 3
a: Device Recharging, Lesser Healing, Lesser Self-Healing, Divine Protection,
Purification, Greater Healing, Greater Self-Healing, Divine Vigour, Renounce
Religion, Evoke Invisibility
0: Orb of Zot
}: 8/15 runes: decaying, serpentine, barnacled, elven, silver, golden, abyssal,
gossamer


You escaped.
You worshipped Elyvilon.
Elyvilon was exalted by your worship.
You were full.

You visited 1 branch You collected 2007 gold pieces.
You spent 2005 gold pieces at shops.

Inventory:

Hand weapons
 r - a +3 broad axe of chopping (weapon)
Missiles
 d - 2 throwing nets
 x - 29 javelins (quivered)
 B - 12 javelins of penetration
 Q - 9 poisoned javelins
Armour
 a - a +0 helmet (worn)
 c - a +8 gold dragon armour (worn)
 y - a +3 large shield (worn)
 D - a +2 pair of gloves of strength (worn)
 E - the +15 plate armour "Mulatis" {rF- MR+ rCorr}
   (You bought it in a shop in the Dungeon)

   It makes you vulnerable to fire.
   It affects your resistance to hostile enchantments.
   It protects you from acid and corrosion.
 J - a +1 pair of boots (worn)
 K - a +1 cloak of invisibility (worn)
Magical staves
 q - an uncursed staff of energy
Jewellery
 F - the amulet of Clarruf {Ward rElec rF+ rN+ Str-2 Int+3}
   (You found it in the Dungeon)

   [amulet of warding]

   It may prevent the melee attacks of summoned creatures.
   It affects your strength (-2).
   It affects your intelligence (+3).
   It protects you from fire.
   It insulates you from electricity.
   It protects you from negative energy.
 G - an uncursed ring of protection from magic
 H - a ring of poison resistance (right hand)
 I - an uncursed ring of see invisible
 V - the ring "Gosha" (left hand) {+Inv rElec Int+6 Dex-2}
   (You found it in the Dungeon)

   [ring of invisibility]

   It affects your intelligence (+6).
   It affects your dexterity (-2).
   It insulates you from electricity.
   It lets you turn invisible.
 W - the ring "Ridoh" {Ice Int+9 SInv}
   (You found it in the Dungeon)

   [ring of ice]

   It enhances your ice magic, and weakens your fire magic.
   It affects your intelligence (+9).
   It makes you vulnerable to fire.
   It protects you from cold.
   It enhances your eyesight.
 X - the ring "Koxzept" {rElec Str+3 Dex-5 Stlth+}
   (You found it in the Dungeon)

   [ring of strength]

   It affects your strength (+3).
   It affects your dexterity (-5).
   It insulates you from electricity.
   It makes you more stealthy.
 Y - the amulet "Qaushu" {Stasis -Cast MR+ Dex+4 Slay+3}
   (You found it in the Dungeon)

   [amulet of stasis]

   It prevents you from being teleported, slowed, hasted or paralysed.
   It affects your dexterity (+4).
   It affects your accuracy and damage with ranged weapons and melee attacks
   (+3).
   It affects your resistance to hostile enchantments.
   It prevents spellcasting.
 Z - the amulet "Ghoomon" (around neck) {Gourm rF+ MR+}
   (You found it in the Dungeon)

   [amulet of the gourmand]

   It allows you to eat raw meat even when not hungry.
   It protects you from fire.
   It affects your resistance to hostile enchantments.
Magical devices
 b - a wand of polymorph (9)
 e - a wand of heal wounds (7)
 p - a wand of cold (7)
 u - a wand of frost (13)
 v - a wand of hasting (3)
 w - a wand of fireball (3)
Scrolls
 l - 5 scrolls of blinking
 n - 6 scrolls of remove curse
 o - 2 scrolls of amnesia
 s - a scroll of fog
 C - a scroll of fear
Potions
 g - 10 potions of curing
 h - 18 potions of heal wounds
 i - a potion of invisibility
 j - 5 potions of magic
 k - a potion of berserk rage
Books
 P - a book of Summonings

   Spells                             Type                      Level
   a - Abjuration                     Summoning                    3
   b - Recall                         Summoning/Translocation      3
   c - Shadow Creatures               Summoning                    5
   d - Summon Demon                   Summoning                    5
   e - Summon Forest                  Summoning/Translocation      5
   f - Monstrous Menagerie            Summoning                    6
 T - a book of Burglary

   Spells                             Type                      Level
   a - Swiftness                      Charms/Air                   2
   b - Passwall                       Transmutation/Earth          3
   c - Passage of Golubria            Translocation                4
   d - Lee's Rapid Deconstruction     Earth                        5
   e - Invisibility                   Hexes                        6
   f - Darkness                       Hexes                        7
Miscellaneous
 M - a crystal ball of energy
 S - a disc of storms
Comestibles
 f - 10 bread rations
 z - 22 fruits
 A - 5 meat rations


   Skills:
 O Level 27 Fighting
 - Level 26.2 Axes
 + Level 22.7 Throwing
 O Level 27 Armour
 - Level 21.2 Dodging
 O Level 27 Shields
 - Level 14.5 Spellcasting
 - Level 26.1 Summonings
 O Level 27 Invocations
 O Level 27 Evocations


You had 37 spell levels left.
You knew the following spells:

 Your Spells              Type           Power        Failure   Level  Hunger
a - Shadow Creatures      Summ           N/A          1%          5    ####...
b - Monstrous Menagerie   Summ           #######...   1%          6    #####..


Dungeon Overview and Level Annotations

Branches:
Dungeon (1/1)

Altars:
Cheibriados
Dithmenos
Elyvilon
Fedhas
Gozag
Kikubaaqudgha
Makhleb
Nemelex Xobeh
Okawaru
Qazlal
Ru
Sif Muna
Trog
Vehumet
Xom
Yredelemnul
Zin
The Shining One
Beogh
Jiyva
Lugonu

Shops:
D ![[[


Innate Abilities, Weirdness & Mutations

You are resistant to damage.
You can recharge devices by infusing magical energy.
You resist negative energy.
You passively map a large area around you.
You do not heal naturally.
You are surrounded by a mild repulsion field (EV +2).
You are agile. (Dex +2)
Your body is rapidly deteriorating.
You are frail (-10% HP).
You are resistant to hostile enchantments.


Message History

You continue eating. x2
You block the sun demon's attack.
You slash the sun demon!
The sun demon is moderately wounded.
You block the sun demon's attack.
You slash the sun demon!
The sun demon is severely wounded.
You slash the sun demon!
The sun demon is almost dead.
You block the sun demon's attack.
You slash the sun demon!
You kill the sun demon!
No target in view!
There is a staircase leading out of the dungeon here.
Drink which item? (? for menu, Esc to quit)
You feel your dexterity returning.
Drink which item? (? for menu, Esc to quit)
You feel yourself speed up.
Unknown command.
You have escaped!

▓▓▓▓▓▓▓▓▓▓▓▓▓▓▓▓▓▓
...▓...▓)..▓...▓@▓
.▓.▓.▓.▓.▓.▓.▓.▓.▓
.▓.▓.▓.▓.▓[▓.▓.▓[▓
.▓.▓.▓.▓.▓.▓.▓.▓[▓
.▓.▓.▓.▓.▓.▓.▓.▓.▓
.▓.▓.▓.▓[▓.▓.▓.▓'▓
.▓.▓.▓.▓.▓.▓.▓.▓)▓
.▓.▓.▓.▓[▓.▓'▓.▓(▓
.▓.▓.▓.▓[▓.▓.▓.▓.▓


There were no monsters in sight!

Vanquished Creatures
  2 orbs of fire (D)
  Mara (twice) (D)
  An ancient lich (D)
  3 greater mummies (D)
  Boris (D)
  Margery (D)
  Norris (D)
  A curse toe (D)
  Mennas (D)
  Geryon (D)
  A golden dragon (D)
  A bone dragon (D)
  Jory (D)
  Xtahua (D)
  Frederick (D)
  A hellephant (D)
  Nikola (D)
  6 pandemonium lords (D)
  6 electric golems (D)
  6 tentacled monstrosities (D)
  2 deep elf blademasters (D)
  44 Orb Guardians (D)
  A titan (D)
  A deep elf master archer (D)
  A player illusion (D)
  A Shadow Fiend (D)
  2 storm dragons (D)
  10 sphinxes (D)
  A thorn hunter (D)
  5 greater nagas (D)
  Ilsuiw (D)
  4 ghost moths (D)
  2 vault wardens (D)
  Louise (D)
  5 emperor scorpions (D)
  A cacodemon (D)
  A draconian zealot (D)
  An angel (D)
  A draconian annihilator (D)
  2 draconian shifters (D)
  2 reapers (D)
  2 ironheart preservers (D)
  A war gargoyle (D)
  A green draconian (D)
  A deep elf demonologist (D)
  A deep elf annihilator (D)
  A black draconian (D)
  A draconian caller (D)
  A purple draconian (D)
  2 mottled draconians (D)
  A red draconian (D)
  A pale draconian (D)
  A white draconian (D)
  2 deep elf death magi (D)
  14 vault guards (D)
  3 merfolk javelineers (D)
  2 fire dragons (D)
  A green death (D)
  A jiangshi (D)
  2 mummy priests (D)
  A fire crab (D)
  2 hydras (D)
  An ice dragon (D)
  3 hell beasts (D)
  A merfolk avatar (D)
  2 centaur warriors (D)
  2 ogre magi (D)
  2 thrashing horrors (D)
  5 sun demons (D)
  5 soul eaters (D)
  An ice devil (D)
  An infernal demonspawn (D)
  A salamander mystic (D)
  2 hell knights (D)
  3 gelid demonspawn (D)
  2 hill giants (D)
  An ironbrand convoker (D)
  3 wolf spiders (D)
  2 deathcaps (D)
  2 manticores (D)
  2 orc knights (D)
  A griffon (D)
  An ugly thing (D)
  An elephant (D)
  6 moths of wrath (D)
  3 rust devils (D)
  5 sixfirhies (D)
  A torpor snail (D)
  4 orange demons (D)
  A vault sentinel (D)
  A kobold demonologist (D)
  3 merfolk (D)
  6 smoke demons (D)
  A spiny frog (D)
  4 naga magi (D)
  A spiny frog (shapeshifter) (D)
  A yaktaur (D)
  14 guardian mummies (D)
  2 freezing wraiths (D)
  8 red devils (D)
  2 jumping spiders (D)
  2 blue devils (D)
  2 demonic crawlers (D)
  5 hellwings (D)
  2 giant leeches (D)
  4 wandering mushrooms (D)
  A blink frog (D)
  A slime creature (D)
  2 boulder beetles (D)
  A raiju (D)
  A baby alligator (shapeshifter) (D)
  2 trapdoor spiders (D)
  A flying skull (D)
  A deep elf mage (D)
  2 vampires (D)
  5 redbacks (D)
  A wraith (D)
  3 water elementals (D)
  4 vampire mosquitoes (D)
  A shadow (D)
  4 ynoxinuls (D)
  6 neqoxecs (D)
  A hill giant zombie (D)
  11 spriggans (D)
  2 chaos spawn (D)
  2 water moccasins (D)
  10 orc warriors (D)
  3 nagas (D)
  2 crocodiles (D)
  A large abomination (D)
  A scorpion (D)
  3 wights (D)
  2 quasits (D)
  3 crimson imps (D)
  3 orc wizards (D)
  An orc priest (D)
  A hound (D)
  A river rat (D)
  An adder (D)
  2 shadow imps (D)
  4 ufetubi (D)
  A spectral adder (D)
  An adder simulacrum (D)
  An ooze (D)
  3 orcs (D)
  A bat skeleton (D)
  3 giant cockroaches (D)
  A goblin (D)
  A hobgoblin (D)
  A jackal (D)
  A kobold (D)
  2 quokkas (D)
  A jackal zombie (D)
  A quokka skeleton (D)
  A crawling corpse (D)
401 creatures vanquished.

Vanquished Creatures (collateral kills)
  A smoke demon (D)
1 creature vanquished.

Vanquished Creatures (others)
  Ereshkigal (D)
  An ancient lich (D)
  2 greater mummies (D)
  A Killer Klown (D)
  2 tentacled monstrosities (D)
  An Orb Guardian (D)
  2 deep elf master archers (D)
  A titan (D)
  3 draconian monks (D)
  7 shadow dragons (D)
  A storm dragon (D)
  A deep elf sorcerer (D)
  A draconian knight (D)
  A draconian scorcher (D)
  A vault warden (D)
  An emperor scorpion (D)
  A ghost moth (shapeshifter) (D)
  A reaper (D)
  2 balrugs (D)
  A draconian annihilator (D)
  An ironheart preserver (D)
  A blood saint (D)
  2 stone giants (D)
  A war gargoyle (D)
  A draconian caller (D)
  2 black draconians (D)
  A deep elf death mage (D)
  2 vault guards (D)
  2 merfolk javelineers (D)
  A blizzard demon (D)
  2 merfolk impalers (D)
  3 fire dragons (D)
  2 yaktaur captains (D)
  2 minotaurs (D)
  2 mummy priests (D)
  A great orb of eyes (D)
  A deep elf high priest (D)
  A rakshasa (D)
  An ice dragon (D)
  A centaur warrior (D)
  4 hydras (D)
  2 ogre magi (D)
  A monstrous demonspawn (D)
  3 harpies (D)
  2 merfolk aquamancers (D)
  A merfolk avatar (D)
  A satyr (D)
  A vampire mage (D)
  An ice devil (D)
  A lindwurm (D)
  A sun demon (D)
  A soul eater (D)
  A shadow wraith (D)
  2 torturous demonspawn (D)
  A flayed ghost (D)
  2 putrid demonspawn (D)
  A black mamba (D)
  2 deep trolls (D)
  3 hill giants (D)
  3 swamp dragons (D)
  2 orc knights (D)
  2 necromancers (D)
  A cyclops (D)
  2 moths of wrath (D)
  A salamander (shapeshifter) (D)
  An octopode (shapeshifter) (D)
  3 rust devils (D)
  2 manticores (D)
  2 guardian serpents (D)
  5 elephants (D)
  A sixfirhy (D)
  5 smoke demons (D)
  A torpor snail (D)
  2 naga magi (D)
  An orange demon (D)
  3 yaktaurs (D)
  A kobold demonologist (D)
  A hellion (D)
  A komodo dragon (shapeshifter) (D)
  4 guardian mummies (D)
  5 hellwings (D)
  A fire drake (D)
  A spiny frog (D)
  A yaktaur skeleton (D)
  A red devil (D)
  4 trolls (D)
  A freezing wraith (D)
  A snapping turtle (D)
  A vampire (D)
  A ynoxinul (D)
  4 orc warriors (D)
  A flying skull (D)
  2 hippogriffs (D)
  2 neqoxecs (D)
  A naga (D)
  2 hell hounds (D)
  A water moccasin (D)
  3 swamp drakes (D)
  A boggart (D)
  A sky beast (D)
  A necrophage (D)
  A crocodile (D)
  3 lost souls (D)
  2 giant frogs (D)
  A crimson imp (D)
  2 orc wizards (D)
  2 iron imps (D)
  An adder (D)
  A white imp (D)
  An ufetubus (D)
  5 orcs (D)
  A hobgoblin (D)
  A ball python skeleton (D)
194 creatures vanquished.

Grand Total: 596 creatures vanquished

Notes
Turn   | Place    | Note
--------------------------------------------------------------
     0 | D        | BluebellGnoll, the Deep Dwarf Gladiator, began the quest for the Orb.
     0 | D        | Reached XP level 1. HP: 19/19 MP: 1/1
     6 | D        | Reached skill level 4 in Axes
    18 | D        | Reached skill level 5 in Axes
    33 | D        | Noticed a crimson imp
    36 | D        | Reached XP level 2. HP: 21/26 MP: 2/2
    49 | D        | Reached skill level 6 in Axes
    57 | D        | Killed a crimson imp
    57 | D        | Reached skill level 8 in Axes
    57 | D        | Reached XP level 3. HP: 25/32 MP: 3/3
    65 | D        | Found a glowing silver altar of Zin.
    65 | D        | Found a glowing golden altar of the Shining One.
    65 | D        | Found an ancient bone altar of Kikubaaqudgha.
    65 | D        | Found a basalt altar of Yredelemnul.
    65 | D        | Found a shimmering altar of Xom.
    65 | D        | Found a radiant altar of Vehumet.
    65 | D        | Found an iron altar of Okawaru.
    66 | D        | Found a burning altar of Makhleb.
    67 | D        | Found a deep blue altar of Sif Muna.
    68 | D        | Found a bloodstained altar of Trog.
    69 | D        | Found a sparkling altar of Nemelex Xobeh.
    70 | D        | Found a white marble altar of Elyvilon.
    71 | D        | Found a roughly hewn altar of Beogh.
    72 | D        | Found a viscous altar of Jiyva.
    73 | D        | Found a corrupted altar of Lugonu.
    74 | D        | Found a blossoming altar of Fedhas.
    75 | D        | Found a snail-covered altar of Cheibriados.
    76 | D        | Found a shadowy altar of Dithmenos.
    77 | D        | Found a stormy altar of Qazlal.
    78 | D        | Found an opulent altar of Gozag.
    79 | D        | Became a worshipper of Elyvilon the Healer
    80 | D        | Found a sacrificial altar of Ru.
   141 | D        | Noticed an orc warrior
   141 | D        | Noticed a hound
   141 | D        | Noticed a crimson imp
   142 | D        | Killed a hound
   142 | D        | Reached skill level 5 in Evocations
   142 | D        | Reached XP level 4. HP: 30/39 MP: 4/7
   142 | D        | Killed a crimson imp
   143 | D        | Killed an orc warrior
   143 | D        | Reached skill level 12 in Evocations
   143 | D        | Reached XP level 5. HP: 34/45 MP: 5/15
   161 | D        | Noticed a centaur warrior
   161 | D        | Noticed a kobold demonologist
   161 | D        | Noticed a deep elf mage
   161 | D        | Noticed a wight
   161 | D        | Noticed an orc warrior
   162 | D        | Killed a deep elf mage
   162 | D        | Reached skill level 5 in Armour
   162 | D        | Reached XP level 6. HP: 27/52 MP: 8/18
   164 | D        | Killed an orc warrior
   165 | D        | Killed a kobold demonologist
   165 | D        | Reached skill level 10 in Invocations
   165 | D        | Reached XP level 7. HP: 30/58 MP: 10/20
   165 | D        | Killed a wight
   168 | D        | Killed a centaur warrior
   168 | D        | Reached skill level 13 in Invocations
   168 | D        | Reached XP level 8. HP: 30/66 MP: 10/23
   334 | D        | Noticed a water moccasin
   334 | D        | Noticed a hippogriff
   334 | D        | Noticed a blink frog
   334 | D        | Noticed a giant frog
   339 | D        | Noticed a crocodile
   343 | D        | Noticed an elephant
   345 | D        | Killed a water moccasin
   345 | D        | Killed a crocodile
   347 | D        | Pacified a giant frog
   347 | D        | Acquired Elyvilon's first power
   347 | D        | Acquired Elyvilon's second power
   349 | D        | Killed a giant frog
   350 | D        | Pacified a hippogriff
   350 | D        | Reached skill level 5 in Fighting
   350 | D        | Acquired Elyvilon's third power
   355 | D        | Pacified a blink frog
   355 | D        | Acquired Elyvilon's fourth power
   355 | D        | Killed a hippogriff
   375 | D        | Pacified an elephant
   375 | D        | Gained mutation: You passively map the area around you. [level up]
   375 | D        | Reached XP level 9. HP: 58/86 MP: 21/23
   427 | D        | Noticed a spiny frog
   427 | D        | Noticed a blink frog
   427 | D        | Noticed a spiny frog
   427 | D        | Noticed a water moccasin
   427 | D        | Noticed a komodo dragon
   427 | D        | Noticed a fire drake
   429 | D        | Pacified a blink frog
   430 | D        | Pacified a spiny frog
   432 | D        | Noticed a crocodile
   435 | D        | Killed a water moccasin
   436 | D        | Killed a spiny frog
   440 | D        | Killed a spiny frog
   441 | D        | Pacified a komodo dragon
   441 | D        | Reached skill level 10 in Fighting
   447 | D        | Killed a fire drake
   451 | D        | Killed a crocodile
   525 | D        | Noticed a crocodile
   537 | D        | Killed a crocodile
   545 | D        | Noticed an elephant
   545 | D        | Noticed an elephant
   545 | D        | Noticed an elephant
   545 | D        | Noticed an elephant
   545 | D        | Noticed an elephant
   545 | D        | Noticed an elephant
   545 | D        | Noticed an elephant
   546 | D        | Pacified an elephant
   546 | D        | Reached skill level 14 in Invocations
   547 | D        | Pacified an elephant
   548 | D        | Pacified an elephant
   548 | D        | Reached skill level 15 in Invocations
   549 | D        | Killed an elephant
   554 | D        | Killed an elephant
   555 | D        | Killed an elephant
   555 | D        | Killed an elephant
   563 | D        | Killed an elephant
   646 | D        | Noticed an elephant
   653 | D        | Killed an elephant
   653 | D        | Reached skill level 16 in Invocations
   767 | D        | Noticed an orc warrior
   767 | D        | Noticed an orc wizard
   767 | D        | Noticed an orc wizard
   768 | D        | Pacified an orc warrior
   781 | D        | Killed an orc wizard
   784 | D        | Killed an orc wizard
   793 | D        | Killed an orc warrior
   795 | D        | Noticed an orc warrior
   796 | D        | Noticed an orc wizard
   807 | D        | Noticed an orc warrior
   809 | D        | Killed an orc warrior
   810 | D        | Killed an orc wizard
   814 | D        | Killed an orc warrior
   838 | D        | Reached XP level 10. HP: 67/103 MP: 25/25
   848 | D        | Noticed an orc wizard
   856 | D        | Killed an orc wizard
   908 | D        | Noticed an orc warrior
   908 | D        | Noticed an orc warrior
   908 | D        | Noticed an orc knight
   908 | D        | Noticed an orc wizard
   908 | D        | Noticed an orc warrior
   908 | D        | Noticed an orc warrior
   910 | D        | Pacified an orc knight
   910 | D        | Reached skill level 17 in Invocations
   910 | D        | Killed an orc warrior
   911 | D        | Pacified an orc warrior
   918 | D        | Killed an orc warrior
   923 | D        | Killed an orc knight
   955 | D        | Noticed an orc warrior
   962 | D        | Killed an orc warrior
   966 | D        | Killed an orc warrior
   966 | D        | Reached skill level 18 in Invocations
   967 | D        | Noticed an orc priest
   971 | D        | Killed an orc wizard
   973 | D        | Killed an orc priest
   978 | D        | Noticed an orc warrior
   982 | D        | Noticed an orc warrior
   987 | D        | Killed an orc warrior
   992 | D        | Noticed an orc warrior
   998 | D        | Killed an orc warrior
  1007 | D        | Killed an orc warrior
  1062 | D        | Found Frorob's Distillery.
  1062 | D        | Noticed a troll
  1062 | D        | Noticed a hill giant
  1062 | D        | Noticed an ogre mage
  1062 | D        | Noticed an ettin
  1062 | D        | Noticed a deep troll
  1062 | D        | Noticed an ogre mage
  1063 | D        | Pacified a troll
  1067 | D        | Killed a troll
  1068 | D        | Noticed a troll
  1070 | D        | Pacified an ettin
  1070 | D        | Reached skill level 19 in Invocations
  1072 | D        | Killed a hill giant
  1074 | D        | Killed a deep troll
  1075 | D        | Killed a troll
  1078 | D        | Killed an ogre mage
  1080 | D        | Killed an ogre mage
  1160 | D        | Noticed a hill giant
  1173 | D        | Killed a hill giant
  1173 | D        | Reached skill level 20 in Invocations
  1182 | D        | Found Eraut's Armour Shoppe.
  1191 | D        | Found Yriz Uru's Antique Armour Emporium.
  1195 | D        | Found Threcsea's Armour Shoppe.
  1197 | D        | Noticed a hill giant
  1199 | D        | Noticed a troll
  1200 | D        | Pacified a hill giant
  1219 | D        | Killed a troll
  1286 | D        | Noticed an ogre mage
  1294 | D        | Killed an ogre mage
  1294 | D        | Reached skill level 21 in Invocations
  1300 | D        | Noticed a deep troll
  1302 | D        | Noticed a deep troll
  1303 | D        | Pacified a deep troll
  1315 | D        | Killed a deep troll
  1425 | D        | Bought a +0 pair of gloves of strength for 161 gold pieces
  1433 | D        | Bought the +15 plate armour "Mulatis" {rF- MR+ rCorr} for 1064 gold pieces
  1475 | D        | Noticed Urug
  1477 | D        | Pacified Urug
  1477 | D        | Reached skill level 22 in Invocations
  1618 | D        | Got the +6 plate armour "Phae" {rPois- rF+ rCorr Int+4 Dex-3}
  1666 | D        | Noticed an orc warrior
  1666 | D        | Noticed a giant frog
  1666 | D        | Noticed a manticore
  1666 | D        | Noticed a komodo dragon
  1666 | D        | Noticed a hill giant
  1666 | D        | Noticed a cyclops
  1666 | D        | Noticed a sky beast
  1667 | D        | Pacified a giant frog
  1667 | D        | Killed a giant frog
  1668 | D        | Pacified a manticore
  1668 | D        | Reached XP level 11. HP: 151/159 MP: 40/42
  1669 | D        | Noticed a vampire
  1672 | D        | Killed a komodo dragon
  1674 | D        | Killed a manticore
  1679 | D        | Pacified a cyclops
  1680 | D        | Noticed a red ugly thing
  1682 | D        | Killed a hill giant
  1683 | D        | Noticed a torpor snail
  1686 | D        | Killed a sky beast
  1690 | D        | Killed a cyclops
  1693 | D        | Pacified an orc warrior
  1697 | D        | Killed an orc warrior
  1700 | D        | Pacified a red ugly thing
  1714 | D        | Killed a vampire
  1717 | D        | Killed a torpor snail
  1800 | D        | Noticed a vampire knight
  1803 | D        | Pacified a vampire knight
  1803 | D        | Reached skill level 15 in Evocations
  1897 | D        | Noticed an ogre mage
  1898 | D        | Noticed a death yak
  1899 | D        | Noticed a great orb of eyes
  1899 | D        | Noticed an octopode
  1902 | D        | Pacified a death yak
  1907 | D        | Killed a great orb of eyes
  1909 | D        | Killed an ogre mage
  1911 | D        | Killed an octopode
  2134 | D        | Noticed a naga mage
  2134 | D        | Noticed a black mamba
  2134 | D        | Noticed a naga mage
  2134 | D        | Noticed a naga
  2134 | D        | Noticed a naga mage
  2134 | D        | Noticed a naga mage
  2134 | D        | Noticed a salamander mystic
  2135 | D        | Pacified a black mamba
  2138 | D        | Killed a naga mage
  2142 | D        | Killed a naga mage
  2143 | D        | Noticed a naga
  2145 | D        | Killed a naga mage
  2145 | D        | Killed a black mamba
  2146 | D        | Noticed a greater naga
  2151 | D        | Killed a salamander mystic
  2152 | D        | Killed a naga
  2153 | D        | Killed a naga mage
  2153 | D        | Killed a naga
  2153 | D        | Reached skill level 10 in Axes
  2154 | D        | Killed a greater naga
  2174 | D        | Noticed a jumping spider
  2174 | D        | Noticed a demonic crawler
  2174 | D        | Noticed a scorpion
  2174 | D        | Noticed a demonic crawler
  2174 | D        | Noticed a redback
  2174 | D        | Noticed a wolf spider
  2175 | D        | Killed a scorpion
  2177 | D        | Killed a jumping spider
  2177 | D        | Killed a redback
  2180 | D        | Noticed a wolf spider
  2181 | D        | Noticed a trapdoor spider
  2183 | D        | Killed a demonic crawler
  2184 | D        | Killed a demonic crawler
  2184 | D        | Killed a trapdoor spider
  2186 | D        | Killed a wolf spider
  2186 | D        | Killed a wolf spider
  2187 | D        | Noticed a trapdoor spider
  2193 | D        | Killed a trapdoor spider
  2210 | D        | Noticed a manticore
  2210 | D        | Noticed a merfolk avatar
  2210 | D        | Noticed a satyr
  2210 | D        | Noticed a griffon
  2210 | D        | Noticed a harpy
  2210 | D        | Noticed a snapping turtle
  2210 | D        | Noticed a merfolk aquamancer
  2211 | D        | Pacified a satyr
  2212 | D        | Noticed a merfolk impaler
  2212 | D        | Pacified a snapping turtle
  2213 | D        | Killed a satyr
  2218 | D        | Pacified a harpy
  2218 | D        | Reached skill level 15 in Axes
  2222 | D        | Killed a manticore
  2223 | D        | Killed a snapping turtle
  2224 | D        | Noticed a manticore
  2225 | D        | Killed a merfolk aquamancer
  2232 | D        | Killed a harpy
  2235 | D        | Killed a merfolk avatar
  2235 | D        | Reached XP level 12. HP: 117/117 MP: 28/28
  2236 | D        | Pacified a merfolk impaler
  2241 | D        | Killed a merfolk impaler
  2245 | D        | Killed a griffon
  2247 | D        | Killed a manticore
  2270 | D        | Noticed a water moccasin
  2270 | D        | Noticed a thorn hunter
  2270 | D        | Noticed a swamp drake
  2270 | D        | Noticed a giant leech
  2270 | D        | Noticed a swamp drake
  2270 | D        | Noticed a vampire mosquito
  2270 | D        | Noticed an alligator
  2271 | D        | Pacified a swamp drake
  2272 | D        | Pacified a swamp drake
  2273 | D        | Killed a swamp drake
  2275 | D        | Killed a water moccasin
  2275 | D        | Killed a swamp drake
  2281 | D        | Noticed a swamp drake
  2284 | D        | Killed a thorn hunter
  2286 | D        | Noticed a blink frog
  2286 | D        | Pacified an alligator
  2290 | D        | Killed a giant leech
  2291 | D        | Killed a vampire mosquito
  2292 | D        | Killed a swamp drake
  2311 | D        | Killed a blink frog
  2541 | D        | Noticed a minotaur
  2541 | D        | Noticed a yaktaur captain
  2541 | D        | Noticed a boggart
  2541 | D        | Noticed a yaktaur
  2541 | D        | Noticed a rakshasa
  2541 | D        | Noticed an emperor scorpion
  2541 | D        | Noticed a frost giant
  2542 | D        | Pacified a minotaur
  2546 | D        | Killed a yaktaur captain
  2547 | D        | Killed a boggart
  2554 | D        | Killed a yaktaur
  2557 | D        | Noticed a yaktaur
  2558 | D        | Killed a rakshasa
  2561 | D        | Noticed a vampire mage
  2562 | D        | Killed a minotaur
  2568 | D        | Pacified a frost giant
  2584 | D        | Killed an emperor scorpion
  2586 | D        | Pacified a yaktaur
  2591 | D        | Killed a yaktaur
  2593 | D        | Pacified a vampire mage
  2636 | D        | Noticed a golden dragon
  2640 | D        | Killed a vampire mage
  2641 | D        | Pacified a golden dragon
  2688 | D        | Noticed a tentacled monstrosity
  2692 | D        | Pacified a tentacled monstrosity
  2692 | D        | Reached skill level 15 in Fighting
  2738 | D        | Noticed a fire dragon
  2739 | D        | Noticed a minotaur
  2740 | D        | Pacified a fire dragon
  2741 | D        | Noticed an ice dragon
  2747 | D        | Killed a fire dragon
  2749 | D        | Pacified a minotaur
  2760 | D        | Killed a minotaur
  2762 | D        | Pacified an ice dragon
  2789 | D        | Noticed a dire elephant
  2791 | D        | Pacified a dire elephant
  2809 | D        | Noticed an ice dragon
  2809 | D        | Pacified an ice dragon
  2832 | D        | Noticed a torpor snail
  2846 | D        | Killed a torpor snail
  2884 | D        | Noticed a yaktaur captain
  2884 | D        | Noticed an ogre mage
  2884 | D        | Noticed a hill giant
  2884 | D        | Noticed an orc knight
  2884 | D        | Noticed a necromancer
  2884 | D        | Noticed a vault warden
  2884 | D        | Noticed a vampire mosquito
  2886 | D        | Pacified a yaktaur captain
  2889 | D        | Killed a yaktaur captain
  2890 | D        | Pacified an ogre mage
  2895 | D        | Pacified a hill giant
  2896 | D        | Noticed an ironheart preserver
  2903 | D        | Killed a hill giant
  2909 | D        | Pacified an orc knight
  2913 | D        | Noticed a vampire mosquito
  2913 | D        | Reached XP level 13. HP: 159/197 MP: 32/40
  2916 | D        | Killed an ironheart preserver
  2917 | D        | Pacified a necromancer
  2924 | D        | Killed an orc knight
  2934 | D        | Killed a necromancer
  2944 | D        | Killed a vault warden
  2957 | D        | Noticed a slime creature
  2957 | D        | Noticed an ironbrand convoker
  2961 | D        | Pacified an ironbrand convoker
  2963 | D        | Killed a vampire mosquito
  2966 | D        | Killed a vampire mosquito
  2969 | D        | Killed a slime creature
  3049 | D        | Noticed a stone giant
  3050 | D        | Noticed a yaktaur
  3051 | D        | Noticed a yaktaur captain
  3051 | D        | Pacified a stone giant
  3098 | D        | Killed a stone giant
  3099 | D        | Pacified a yaktaur captain
  3104 | D        | Killed a yaktaur
  3146 | D        | Noticed a freezing wraith
  3149 | D        | Pacified a freezing wraith
  3239 | D        | Noticed a freezing wraith
  3240 | D        | Noticed a vault warden
  3241 | D        | Noticed a fire crab
  3242 | D        | Pacified a freezing wraith
  3262 | D        | Killed a freezing wraith
  3265 | D        | Pacified a vault warden
  3271 | D        | Killed a vault warden
  3280 | D        | Killed a fire crab
  3298 | D        | Noticed a boulder beetle
  3332 | D        | Killed a boulder beetle
  3426 | D        | Noticed Nikola
  3446 | D        | Killed Nikola
  3505 | D        | Noticed Erolcha
  3509 | D        | Pacified Erolcha
  3558 | D        | Got the +3 longbow of Gramir {flame, rC++}
  3689 | D        | Noticed Frederick
  3695 | D        | Killed Frederick
  3726 | D        | Noticed a six-headed hydra
  3726 | D        | Noticed a swamp dragon
  3726 | D        | Noticed a swamp dragon
  3726 | D        | Noticed a seven-headed hydra
  3726 | D        | Noticed a swamp dragon
  3726 | D        | Noticed a five-headed hydra
  3726 | D        | Noticed a giant leech
  3727 | D        | Pacified a six-headed hydra
  3730 | D        | Killed a swamp dragon
  3732 | D        | Killed a swamp dragon
  3733 | D        | Killed a six-headed hydra
  3736 | D        | Pacified a seven-headed hydra
  3737 | D        | Pacified a swamp dragon
  3739 | D        | Pacified a five-headed hydra
  3748 | D        | Noticed a six-headed hydra
  3748 | D        | Killed a giant leech
  3750 | D        | Pacified a six-headed hydra
  3755 | D        | Noticed an eight-headed hydra
  3761 | D        | Noticed a six-headed hydra
  3761 | D        | Killed a six-headed hydra
  3762 | D        | Noticed a swamp dragon
  3763 | D        | Pacified an eight-headed hydra
  3766 | D        | Noticed a seven-headed hydra
  3767 | D        | Killed an eight-headed hydra
  3768 | D        | Pacified a six-headed hydra
  3770 | D        | Killed a swamp dragon
  3772 | D        | Killed a six-headed hydra
  3775 | D        | Killed a seven-headed hydra
  3793 | D        | Noticed a four-headed hydra
  3798 | D        | Killed a five-headed hydra
  3804 | D        | Got a decaying rune of Zot
  3855 | D        | Noticed a merfolk
  3855 | D        | Noticed a merfolk aquamancer
  3855 | D        | Noticed a merfolk javelineer
  3855 | D        | Noticed a merfolk javelineer
  3855 | D        | Noticed a merfolk javelineer
  3855 | D        | Noticed a merfolk impaler
  3855 | D        | Noticed Ilsuiw
  3856 | D        | Pacified a merfolk aquamancer
  3859 | D        | Noticed a merfolk aquamancer
  3859 | D        | Pacified a merfolk impaler
  3861 | D        | Killed a merfolk javelineer
  3862 | D        | Killed a merfolk aquamancer
  3863 | D        | Was placed under penance by Elyvilon
  3864 | D        | Killed a merfolk impaler
  3866 | D        | Noticed a merfolk javelineer
  3867 | D        | Killed a merfolk javelineer
  3868 | D        | Noticed a merfolk avatar
  3868 | D        | Pacified a merfolk javelineer
  3868 | D        | Was forgiven by Elyvilon
  3869 | D        | Killed a merfolk javelineer
  3875 | D        | Killed Ilsuiw
  3876 | D        | Pacified a merfolk javelineer
  3877 | D        | Pacified a merfolk avatar
  3886 | D        | Killed a merfolk avatar
  3900 | D        | Killed a merfolk javelineer
  3908 | D        | Killed a merfolk
  3934 | D        | Noticed a merfolk javelineer
  3936 | D        | Noticed a merfolk
  3941 | D        | Noticed a merfolk
  3953 | D        | Killed a merfolk javelineer
  3953 | D        | Gained mutation: You resist negative energy. [level up]
  3953 | D        | Reached XP level 14. HP: 118/163 MP: 29/29
  3953 | D        | Killed a merfolk
  3956 | D        | Killed a merfolk
  3971 | D        | Got a barnacled rune of Zot
  4008 | D        | Noticed a guardian serpent
  4008 | D        | Noticed a greater naga
  4008 | D        | Noticed a guardian serpent
  4008 | D        | Noticed a greater naga
  4008 | D        | Noticed a greater naga
  4008 | D        | Noticed a greater naga
  4008 | D        | Noticed a greater naga
  4009 | D        | Pacified a guardian serpent
  4012 | D        | Killed a guardian serpent
  4013 | D        | Pacified a greater naga
  4013 | D        | Reached skill level 5 in Throwing
  4015 | D        | Pacified a greater naga
  4017 | D        | Pacified a greater naga
  4020 | D        | Noticed a naga
  4026 | D        | Killed a greater naga
  4028 | D        | Noticed a greater naga
  4034 | D        | Noticed a naga mage
  4035 | D        | Killed a greater naga
  4037 | D        | Noticed a naga
  4037 | D        | Pacified a naga
  4043 | D        | Killed a naga
  4046 | D        | Killed a naga
  4047 | D        | Killed a greater naga
  4047 | D        | Reached skill level 10 in Throwing
  4047 | D        | Killed a naga mage
  4061 | D        | Noticed a naga mage
  4064 | D        | Noticed a greater naga
  4070 | D        | Killed a greater naga
  4074 | D        | Killed a naga mage
  4078 | D        | Got a serpentine rune of Zot
  4094 | D        | Noticed a redback
  4094 | D        | Noticed a redback
  4094 | D        | Noticed an emperor scorpion
  4094 | D        | Noticed a jumping spider
  4094 | D        | Noticed a ghost moth
  4094 | D        | Noticed an emperor scorpion
  4094 | D        | Noticed a ghost moth
  4097 | D        | Killed a redback
  4098 | D        | Noticed a ghost moth
  4100 | D        | Killed a redback
  4100 | D        | Killed a jumping spider
  4100 | D        | Killed a ghost moth
  4101 | D        | Noticed a wolf spider
  4101 | D        | Killed a ghost moth
  4103 | D        | Killed a ghost moth
  4104 | D        | Killed a wolf spider
  4121 | D        | Killed an emperor scorpion
  4124 | D        | Killed an emperor scorpion
  4132 | D        | Noticed a redback
  4135 | D        | Noticed an emperor scorpion
  4139 | D        | Killed a redback
  4140 | D        | Noticed an emperor scorpion
  4141 | D        | Noticed a ghost moth
  4146 | D        | Killed an emperor scorpion
  4146 | D        | Reached skill level 15 in Throwing
  4149 | D        | Killed a ghost moth
  4154 | D        | Killed an emperor scorpion
  4161 | D        | Got a gossamer rune of Zot
  4167 | D        | Gained mutation: You are agile. (Dex +2) [mutagenic meat]
  4199 | D        | Noticed Norris
  4199 | D        | Noticed Mara
  4201 | D        | Noticed Margery
  4204 | D        | Noticed BluebellGnoll's illusion
  4221 | D        | Killed BluebellGnoll's illusion
  4228 | D        | Noticed BluebellGnoll's illusion
  4234 | D        | Killed Mara
  4246 | D        | Noticed a hell knight
  4277 | D        | Killed Norris
  4298 | D        | Noticed a hell knight
  4298 | D        | Noticed a hell knight
  4298 | D        | Noticed a hell knight
  4299 | D        | Noticed a necromancer
  4299 | D        | Pacified a hell knight
  4300 | D        | Pacified a necromancer
  4307 | D        | Killed a necromancer
  4308 | D        | Killed a hell knight
  4309 | D        | Pacified a hell knight
  4309 | D        | Reached skill level 10 in Shields
  4317 | D        | Killed Margery
  4495 | D        | Killed a hell knight
  4574 | D        | Noticed a vault guard
  4574 | D        | Noticed a vault guard
  4574 | D        | Noticed a vault guard
  4574 | D        | Noticed a vault guard
  4574 | D        | Noticed a vault guard
  4574 | D        | Noticed a vault guard
  4574 | D        | Noticed a vault guard
  4577 | D        | Pacified a vault guard
  4577 | D        | Reached XP level 15. HP: 235/238 MP: 33/39
  4587 | D        | Killed a vault guard
  4589 | D        | Killed a vault guard
  4592 | D        | Noticed a vault guard
  4598 | D        | Noticed a vault guard
  4600 | D        | Killed a vault guard
  4602 | D        | Noticed a vault guard
  4610 | D        | Killed a vault guard
  4612 | D        | Noticed a vault guard
  4618 | D        | Killed a vault guard
  4633 | D        | Killed a vault guard
  4634 | D        | Killed a vault guard
  4634 | D        | Reached skill level 15 in Shields
  4634 | D        | Killed a vault guard
  4634 | D        | Killed a vault guard
  4646 | D        | Pacified a vault guard
  4647 | D        | Pacified a vault guard
  4695 | D        | Noticed a vault guard
  4696 | D        | Noticed a vault guard
  4697 | D        | Noticed a vault guard
  4698 | D        | Noticed a vault guard
  4699 | D        | Pacified a vault guard
  4700 | D        | Noticed a vault guard
  4700 | D        | Pacified a vault guard
  4702 | D        | Noticed a vault guard
  4702 | D        | Pacified a vault guard
  4703 | D        | Pacified a vault guard
  4704 | D        | Pacified a vault guard
  4712 | D        | Noticed a vault guard
  4713 | D        | Pacified a vault guard
  4719 | D        | Pacified a vault guard
  4952 | D        | Noticed a vault guard
  4953 | D        | Noticed a vault guard
  4954 | D        | Noticed a vault guard
  4955 | D        | Noticed a vault guard
  4955 | D        | Noticed a vault guard
  4957 | D        | Noticed a vault guard
  4958 | D        | Noticed a vault guard
  4962 | D        | Killed a vault guard
  4966 | D        | Killed a vault guard
  4966 | D        | Killed a vault guard
  4966 | D        | Killed a vault guard
  4966 | D        | Reached skill level 23 in Invocations
  4966 | D        | Killed a vault guard
  4974 | D        | Killed a vault guard
  4984 | D        | Killed a vault guard
  4984 | D        | Reached skill level 24 in Invocations
  5013 | D        | Noticed a redback
  5013 | D        | Noticed a yaktaur
  5013 | D        | Noticed an orc knight
  5013 | D        | Noticed an orc knight
  5013 | D        | Noticed an ironheart preserver
  5013 | D        | Noticed a freezing wraith
  5013 | D        | Noticed a boulder beetle
  5015 | D        | Noticed a vault sentinel
  5016 | D        | Killed a redback
  5017 | D        | Noticed a war gargoyle
  5020 | D        | Killed a yaktaur
  5021 | D        | Noticed a flayed ghost
  5029 | D        | Killed an orc knight
  5035 | D        | Noticed an ironbrand convoker
  5038 | D        | Killed an orc knight
  5043 | D        | Killed an ironheart preserver
  5047 | D        | Noticed a shadow dragon
  5050 | D        | Killed a freezing wraith
  5052 | D        | Noticed a fire dragon
  5054 | D        | Pacified a flayed ghost
  5054 | D        | Killed a war gargoyle
  5054 | D        | Reached skill level 25 in Invocations
  5055 | D        | Noticed a shadow dragon
  5058 | D        | Killed a flayed ghost
  5062 | D        | Killed a boulder beetle
  5063 | D        | Killed a vault sentinel
  5069 | D        | Killed an ironbrand convoker
  5070 | D        | Pacified a shadow dragon
  5071 | D        | Pacified a shadow dragon
  5077 | D        | Noticed a vault warden
  5078 | D        | Pacified a fire dragon
  5079 | D        | Noticed an ironheart preserver
  5080 | D        | Got a steaming graven amulet
  5081 | D        | Killed a shadow dragon
  5090 | D        | Killed a fire dragon
  5098 | D        | Killed a shadow dragon
  5107 | D        | Killed a vault warden
  5107 | D        | Reached skill level 26 in Invocations
  5110 | D        | Killed an ironheart preserver
  5139 | D        | Gained mutation: You are resistant to hostile enchantments. [potion of beneficial mutation]
  5158 | D        | Noticed a war gargoyle
  5158 | D        | Noticed a shadow dragon
  5158 | D        | Noticed a golden dragon
  5158 | D        | Noticed a stone giant
  5158 | D        | Noticed a titan
  5158 | D        | Noticed a shadow dragon
  5158 | D        | Noticed a shadow dragon
  5161 | D        | Pacified a shadow dragon
  5167 | D        | Killed a stone giant
  5171 | D        | Killed a war gargoyle
  5171 | D        | Killed a shadow dragon
  5172 | D        | Pacified a shadow dragon
  5172 | D        | Reached skill level 27 in Invocations
  5173 | D        | Noticed a shadow dragon
  5181 | D        | Killed a golden dragon
  5189 | D        | Killed a shadow dragon
  5196 | D        | Killed a titan
  5197 | D        | Noticed a titan
  5198 | D        | Killed a shadow dragon
  5203 | D        | Pacified a shadow dragon
  5214 | D        | Killed a titan
  5347 | D        | Learned a level 5 spell: Shadow Creatures
  5350 | D        | Got a silver rune of Zot
  5360 | D        | Noticed Boris
  5384 | D        | Killed Boris
  5451 | D        | Noticed Mennas
  5468 | D        | Killed Mennas
  5468 | D        | Reached skill level 15 in Armour
  5488 | D        | Got the ring "Gosha" {+Inv rElec Int+6 Dex-2}
  5490 | D        | Got the ring "Ridoh" {Ice Int+9 SInv}
  5492 | D        | Got the ring "Koxzept" {rElec Str+3 Dex-5 Stlth+}
  5494 | D        | Got the amulet "Qaushu" {Stasis -Cast MR+ Dex+4 Slay+3}
  5496 | D        | Got the amulet "Ghoomon" {Gourm rF+ MR+}
  5679 | D        | Identified the amulet of Clarruf {Ward rElec rF+ rN+ Str-2 Int+3} (You found it in the Dungeon)
  5762 | D        | Noticed Louise
  5774 | D        | Noticed Xtahua
  5775 | D        | Killed Louise
  5775 | D        | Reached XP level 16. HP: 180/180 MP: 28/28
  5778 | D        | Killed Xtahua
  5784 | D        | Noticed Jory
  5810 | D        | Killed Jory
  5895 | D        | Noticed a hippogriff
  5895 | D        | Noticed an orc warrior
  5895 | D        | Noticed a giant frog
  5895 | D        | Noticed a centaur warrior
  5895 | D        | Noticed a troll
  5895 | D        | Noticed a centaur warrior
  5895 | D        | Noticed a vampire mosquito
  5896 | D        | Pacified a hippogriff
  5902 | D        | Noticed a brown ugly thing
  5904 | D        | Killed an orc warrior
  5905 | D        | Noticed a hill giant
  5905 | D        | Pacified a giant frog
  5908 | D        | Pacified a centaur warrior
  5912 | D        | Killed a centaur warrior
  5915 | D        | Killed a troll
  5921 | D        | Killed a centaur warrior
  5922 | D        | Killed a vampire mosquito
  5924 | D        | Killed a brown ugly thing
  5930 | D        | Killed a hill giant
  5953 | D        | Noticed a fire dragon
  5953 | D        | Noticed a fire dragon
  5953 | D        | Noticed an ice dragon
  5953 | D        | Noticed a storm dragon
  5953 | D        | Noticed an ice dragon
  5953 | D        | Noticed an ice dragon
  5953 | D        | Noticed a white draconian
  5962 | D        | Noticed a black draconian
  5963 | D        | Killed a fire dragon
  5964 | D        | Pacified a fire dragon
  5968 | D        | Killed a fire dragon
  5969 | D        | Pacified a storm dragon
  5977 | D        | Killed an ice dragon
  5981 | D        | Killed a storm dragon
  5982 | D        | Pacified an ice dragon
  5983 | D        | Pacified an ice dragon
  5988 | D        | Pacified a white draconian
  6000 | D        | Killed a black draconian
  6063 | D        | Noticed a green draconian
  6066 | D        | Noticed a black draconian
  6073 | D        | Killed a hippogriff
  6083 | D        | Killed a green draconian
  6092 | D        | Killed a black draconian
  6097 | D        | Noticed a bone dragon
  6111 | D        | Noticed a red draconian
  6118 | D        | Killed a bone dragon
  6126 | D        | Killed a red draconian
  6168 | D        | Noticed a black draconian
  6168 | D        | Noticed an electric golem
  6168 | D        | Noticed a white draconian monk
  6168 | D        | Noticed a moth of wrath
  6168 | D        | Noticed a tentacled monstrosity
  6168 | D        | Noticed an ice dragon
  6168 | D        | Noticed an electric golem
  6172 | D        | Pacified a black draconian
  6183 | D        | Killed a black draconian
  6201 | D        | Killed an electric golem
  6214 | D        | Pacified a white draconian monk
  6218 | D        | Killed a moth of wrath
  6225 | D        | Killed a white draconian monk
  6227 | D        | Killed a tentacled monstrosity
  6236 | D        | Killed an electric golem
  6237 | D        | Killed an ice dragon
  6302 | D        | Noticed a fire dragon
  6302 | D        | Noticed a mottled draconian caller
  6302 | D        | Noticed a tentacled monstrosity
  6302 | D        | Noticed a black draconian monk
  6302 | D        | Noticed an electric golem
  6302 | D        | Noticed a mottled draconian
  6302 | D        | Noticed a black draconian annihilator
  6304 | D        | Killed a mottled draconian caller
  6305 | D        | Killed a fire dragon
  6306 | D        | Noticed a pale draconian shifter
  6307 | D        | Pacified a tentacled monstrosity
  6309 | D        | Killed a black draconian annihilator
  6313 | D        | Killed a black draconian monk
  6320 | D        | Killed a tentacled monstrosity
  6326 | D        | Killed a mottled draconian
  6330 | D        | Killed a pale draconian shifter
  6344 | D        | Killed an electric golem
  6438 | D        | Noticed a green draconian annihilator
  6438 | D        | Noticed a white draconian
  6438 | D        | Noticed a green draconian zealot
  6438 | D        | Noticed a golden dragon
  6438 | D        | Noticed a pale draconian
  6438 | D        | Noticed a mottled draconian
  6438 | D        | Noticed a storm dragon
  6443 | D        | Killed a green draconian annihilator
  6444 | D        | Noticed a green draconian shifter
  6445 | D        | Noticed an ice dragon
  6456 | D        | Killed a white draconian
  6459 | D        | Pacified a golden dragon
  6459 | D        | Reached skill level 27 in Evocations
  6467 | D        | Killed a pale draconian
  6467 | D        | Killed a green draconian zealot
  6467 | D        | Killed a mottled draconian
  6469 | D        | Pacified an ice dragon
  6474 | D        | Killed a storm dragon
  6477 | D        | Killed a green draconian shifter
  6508 | D        | Noticed a shadow dragon
  6508 | D        | Noticed a grey draconian knight
  6508 | D        | Noticed a pale draconian scorcher
  6508 | D        | Noticed a purple draconian caller
  6508 | D        | Noticed a tentacled monstrosity
  6508 | D        | Noticed a tentacled monstrosity
  6508 | D        | Noticed a moth of wrath
  6509 | D        | Pacified a shadow dragon
  6521 | D        | Killed a shadow dragon
  6524 | D        | Pacified a pale draconian scorcher
  6526 | D        | Noticed a moth of wrath
  6541 | D        | Killed a purple draconian caller
  6545 | D        | Killed a pale draconian scorcher
  6549 | D        | Pacified a grey draconian knight
  6550 | D        | Noticed a purple draconian
  6553 | D        | Killed a grey draconian knight
  6557 | D        | Killed a tentacled monstrosity
  6568 | D        | Killed a tentacled monstrosity
  6570 | D        | Killed a moth of wrath
  6576 | D        | Killed a moth of wrath
  6589 | D        | Killed a purple draconian
  6709 | D        | Noticed an Orb Guardian
  6709 | D        | Noticed an Orb Guardian
  6709 | D        | Noticed an Orb Guardian
  6709 | D        | Noticed an Orb Guardian
  6709 | D        | Noticed an Orb Guardian
  6709 | D        | Noticed an Orb Guardian
  6709 | D        | Noticed an Orb Guardian
  6712 | D        | Killed an Orb Guardian
  6712 | D        | Reached XP level 17. HP: 278/294 MP: 37/37
  6714 | D        | Killed an Orb Guardian
  6714 | D        | Killed an Orb Guardian
  6714 | D        | Killed an Orb Guardian
  6714 | D        | Killed an Orb Guardian
  6715 | D        | Noticed an Orb Guardian
  6721 | D        | Killed an Orb Guardian
  6727 | D        | Killed an Orb Guardian
  6744 | D        | Killed an Orb Guardian
  6745 | D        | Noticed an Orb Guardian
  6752 | D        | Noticed an Orb Guardian
  6770 | D        | Killed an Orb Guardian
  6788 | D        | Killed an Orb Guardian
  6809 | D        | Noticed a tentacled monstrosity
  6809 | D        | Noticed a tentacled monstrosity
  6809 | D        | Noticed an Orb Guardian
  6809 | D        | Noticed an Orb Guardian
  6809 | D        | Noticed a storm dragon
  6809 | D        | Noticed a tentacled monstrosity
  6809 | D        | Noticed an Orb Guardian
  6813 | D        | Noticed an Orb Guardian
  6815 | D        | Pacified a tentacled monstrosity
  6819 | D        | Killed a tentacled monstrosity
  6824 | D        | Killed a tentacled monstrosity
  6832 | D        | Killed an Orb Guardian
  6832 | D        | Reached skill level 27 in Fighting
  6833 | D        | Killed an Orb Guardian
  6837 | D        | Killed a storm dragon
  6852 | D        | Killed a tentacled monstrosity
  6859 | D        | Killed an Orb Guardian
  6872 | D        | Killed an Orb Guardian
  6902 | D        | Noticed an ancient lich
  6923 | D        | Killed an ancient lich
  6939 | D        | Noticed an orb of fire
  6960 | D        | Gained mutation: Your body is slowly deteriorating. [an orb of fire]
  6964 | D        | Killed an orb of fire
  6964 | D        | Reached skill level 27 in Armour
  6974 | D        | Noticed an electric golem
  6992 | D        | Killed an electric golem
  6996 | D        | Noticed a moth of wrath
  6996 | D        | Noticed a moth of wrath
  6996 | D        | Noticed an electric golem
  6996 | D        | Noticed a shadow dragon
  6996 | D        | Noticed a grey draconian monk
  6996 | D        | Noticed a Killer Klown
  6996 | D        | Noticed an electric golem
  6997 | D        | Pacified a shadow dragon
  6999 | D        | Noticed an orb of fire
  6999 | D        | Killed a moth of wrath
  7003 | D        | Pacified a grey draconian monk
  7004 | D        | Killed a moth of wrath
  7005 | D        | Noticed a curse toe
  7006 | D        | Pacified a Killer Klown
  7009 | D        | Killed a Killer Klown
  7010 | D        | Killed a grey draconian monk
  7010 | D        | Killed a shadow dragon
  7012 | D        | Noticed an Orb Guardian
  7012 | D        | Killed an electric golem
  7013 | D        | Noticed an Orb Guardian
  7063 | D        | Killed an electric golem
  7063 | D        | Gained mutation: You passively map a large area around you. [level up]
  7063 | D        | Reached XP level 18. HP: 95/327 MP: 37/37
  7113 | D        | Killed an orb of fire
  7137 | D        | Killed a curse toe
  7137 | D        | Killed an Orb Guardian
  7139 | D        | Killed an Orb Guardian
  7155 | D        | Noticed a moth of wrath
  7165 | D        | Killed a moth of wrath
  7179 | D        | Noticed an Orb Guardian
  7181 | D        | Noticed a golden dragon
  7182 | D        | Pacified a golden dragon
  7190 | D        | Killed an Orb Guardian
  7290 | D        | Noticed an Orb Guardian
  7290 | D        | Noticed an Orb Guardian
  7290 | D        | Noticed an Orb Guardian
  7290 | D        | Noticed an Orb Guardian
  7290 | D        | Noticed an Orb Guardian
  7290 | D        | Noticed an Orb Guardian
  7290 | D        | Noticed a moth of wrath
  7292 | D        | Killed an Orb Guardian
  7293 | D        | Killed a moth of wrath
  7294 | D        | Noticed an Orb Guardian
  7294 | D        | Killed an Orb Guardian
  7295 | D        | Noticed an Orb Guardian
  7295 | D        | Killed an Orb Guardian
  7296 | D        | Killed an Orb Guardian
  7298 | D        | Killed an Orb Guardian
  7303 | D        | Killed an Orb Guardian
  7306 | D        | Killed an Orb Guardian
  7313 | D        | Killed an Orb Guardian
  7315 | D        | Noticed an Orb Guardian
  7316 | D        | Noticed an Orb Guardian
  7317 | D        | Noticed an Orb Guardian
  7321 | D        | Noticed a moth of wrath
  7321 | D        | Killed an Orb Guardian
  7323 | D        | Killed an Orb Guardian
  7324 | D        | Noticed an Orb Guardian
  7325 | D        | Killed a moth of wrath
  7326 | D        | Killed an Orb Guardian
  7328 | D        | Killed an Orb Guardian
  7492 | D        | Noticed a vampire knight
  7492 | D        | Noticed a vampire knight
  7492 | D        | Noticed an ancient lich
  7492 | D        | Noticed an ancient lich
  7492 | D        | Noticed a vampire knight
  7492 | D        | Noticed a vampire knight
  7492 | D        | Noticed a vampire knight
  7493 | D        | Pacified a vampire knight
  7497 | D        | Pacified an ancient lich
  7498 | D        | Noticed a vampire knight
  7498 | D        | Pacified an ancient lich
  7503 | D        | Pacified a vampire knight
  7506 | D        | Pacified a vampire knight
  7508 | D        | Pacified a vampire knight
  7511 | D        | Noticed a lich
  7513 | D        | Killed an ancient lich
  7514 | D        | Noticed a vampire knight
  7514 | D        | Pacified a vampire knight
  7516 | D        | Noticed a vampire knight
  7517 | D        | Pacified a vampire knight
  7519 | D        | Pacified a lich
  7520 | D        | Pacified a vampire knight
  7522 | D        | Pacified a vampire knight
  7609 | D        | Noticed a spriggan baker
  7609 | D        | Noticed a spriggan baker
  7609 | D        | Noticed a spriggan baker
  7609 | D        | Noticed a spriggan baker
  7609 | D        | Noticed a spriggan baker
  7609 | D        | Noticed a spriggan baker
  7609 | D        | Noticed a spriggan baker
  7613 | D        | Noticed a spriggan baker
  7616 | D        | Killed a spriggan baker
  7621 | D        | Noticed a spriggan baker
  7621 | D        | Killed a spriggan baker
  7625 | D        | Noticed a spriggan baker
  7626 | D        | Killed a spriggan baker
  7628 | D        | Killed a spriggan baker
  7631 | D        | Killed a spriggan baker
  7635 | D        | Noticed a spriggan baker
  7635 | D        | Killed a spriggan baker
  7638 | D        | Killed a spriggan baker
  7643 | D        | Killed a spriggan baker
  7647 | D        | Killed a spriggan baker
  7649 | D        | Killed a spriggan baker
  7652 | D        | Killed a spriggan baker
  7763 | D        | Noticed a deep elf master archer
  7763 | D        | Noticed a deep elf death mage
  7763 | D        | Noticed a deep elf death mage
  7763 | D        | Noticed a deep elf master archer
  7763 | D        | Noticed a deep elf high priest
  7763 | D        | Noticed a deep elf blademaster
  7763 | D        | Noticed a deep elf blademaster
  7764 | D        | Pacified a deep elf master archer
  7767 | D        | Killed a deep elf master archer
  7769 | D        | Noticed a deep elf death mage
  7773 | D        | Noticed a deep elf master archer
  7773 | D        | Pacified a deep elf master archer
  7785 | D        | Killed a ghostly deep elf blademaster
  7789 | D        | Noticed a deep elf master archer
  7789 | D        | Killed a deep elf blademaster
  7792 | D        | Noticed a deep elf sorcerer
  7793 | D        | Pacified a deep elf master archer
  7796 | D        | Noticed a deep elf demonologist
  7797 | D        | Killed a ghostly deep elf death mage
  7799 | D        | Killed a ghostly deep elf master archer
  7802 | D        | Killed a deep elf death mage
  7805 | D        | Killed a deep elf death mage
  7808 | D        | Pacified a deep elf high priest
  7813 | D        | Killed a deep elf high priest
  7815 | D        | Killed a deep elf sorcerer
  7818 | D        | Killed a deep elf master archer
  7860 | D        | Killed a deep elf demonologist
  7883 | D        | Noticed a deep elf annihilator
  7892 | D        | Killed a deep elf annihilator
  7892 | D        | Reached XP level 19. HP: 191/226 MP: 24/24
  7896 | D        | Noticed a deep elf annihilator
  7896 | D        | Pacified a deep elf annihilator
  7956 | D        | Got an elven rune of Zot
  8169 | D        | Noticed a sphinx
  8169 | D        | Noticed a sphinx
  8169 | D        | Noticed a sphinx
  8169 | D        | Noticed a sphinx
  8169 | D        | Noticed a sphinx
  8169 | D        | Noticed a sphinx
  8169 | D        | Noticed a sphinx
  8171 | D        | Killed a sphinx
  8172 | D        | Killed a sphinx
  8173 | D        | Killed a sphinx
  8173 | D        | Killed a sphinx
  8174 | D        | Noticed a sphinx
  8175 | D        | Noticed a sphinx
  8177 | D        | Noticed a sphinx
  8181 | D        | Killed a sphinx
  8181 | D        | Reached skill level 27 in Shields
  8183 | D        | Noticed a sphinx
  8185 | D        | Noticed a sphinx
  8186 | D        | Killed a sphinx
  8191 | D        | Killed a sphinx
  8194 | D        | Killed a sphinx
  8194 | D        | Reached skill level 10 in Dodging
  8196 | D        | Killed a sphinx
  8207 | D        | Killed a sphinx
  8209 | D        | Pacified a sphinx
  8211 | D        | Pacified a sphinx
  8336 | D        | Noticed a guardian mummy
  8336 | D        | Noticed a guardian mummy
  8336 | D        | Noticed a guardian mummy
  8336 | D        | Noticed a guardian mummy
  8336 | D        | Noticed a guardian mummy
  8336 | D        | Noticed a guardian mummy
  8336 | D        | Noticed a guardian mummy
  8337 | D        | Noticed a guardian mummy
  8348 | D        | Killed a guardian mummy
  8351 | D        | Killed a guardian mummy
  8355 | D        | Killed a guardian mummy
  8359 | D        | Killed a guardian mummy
  8362 | D        | Killed a guardian mummy
  8366 | D        | Killed a guardian mummy
  8372 | D        | Killed a guardian mummy
  8377 | D        | Killed a guardian mummy
  8381 | D        | Noticed a guardian mummy
  8382 | D        | Noticed a guardian mummy
  8390 | D        | Killed a guardian mummy
  8390 | D        | Reached skill level 15 in Dodging
  8396 | D        | Killed a guardian mummy
  8403 | D        | Noticed a guardian mummy
  8403 | D        | Noticed a guardian mummy
  8403 | D        | Noticed a greater mummy
  8403 | D        | Noticed a mummy priest
  8403 | D        | Noticed a mummy priest
  8403 | D        | Noticed a mummy priest
  8403 | D        | Noticed a guardian mummy
  8404 | D        | Pacified a mummy priest
  8405 | D        | Pacified a mummy priest
  8406 | D        | Pacified a mummy priest
  8423 | D        | Killed a mummy priest
  8442 | D        | Killed a guardian mummy
  8444 | D        | Killed a guardian mummy
  8457 | D        | Killed a mummy priest
  8459 | D        | Killed a guardian mummy
  8479 | D        | Killed a greater mummy
  8515 | D        | Noticed a greater mummy
  8567 | D        | Killed a greater mummy
  8622 | D        | Noticed a guardian mummy
  8627 | D        | Killed a guardian mummy
  8713 | D        | Noticed a guardian mummy
  8713 | D        | Noticed a guardian mummy
  8713 | D        | Noticed a greater mummy
  8713 | D        | Noticed a guardian mummy
  8713 | D        | Noticed a mummy priest
  8713 | D        | Noticed a greater mummy
  8713 | D        | Noticed a guardian mummy
  8725 | D        | Pacified a greater mummy
  8730 | D        | Killed a guardian mummy
  8731 | D        | Killed a guardian mummy
  8736 | D        | Killed a guardian mummy
  8754 | D        | Killed a greater mummy
  8762 | D        | Killed a mummy priest
  8784 | D        | Pacified a greater mummy
  8795 | D        | Killed a guardian mummy
  8810 | D        | Killed a greater mummy
  8842 | D        | Noticed a mummy priest
  8844 | D        | Killed a mummy priest
  8860 | D        | Noticed a greater mummy
  9017 | D        | Killed a greater mummy
  9129 | D        | Got a golden rune of Zot
  9140 | D        | Noticed an orange demon
  9140 | D        | Noticed a kobold demonologist
  9140 | D        | Noticed a large abomination
  9140 | D        | Noticed a thrashing horror
  9140 | D        | Noticed a wandering mushroom
  9140 | D        | Noticed a raiju
  9144 | D        | Pacified a kobold demonologist
  9148 | D        | Killed an orange demon
  9167 | D        | Killed a kobold demonologist
  9173 | D        | Killed a large abomination
  9174 | D        | Killed a wandering mushroom
  9179 | D        | Killed a thrashing horror
  9180 | D        | Killed a raiju
  9181 | D        | Noticed a thrashing horror
  9182 | D        | Noticed a quasit
  9185 | D        | Noticed a neqoxec
  9189 | D        | Noticed a smoke demon
  9190 | D        | Killed a thrashing horror
  9194 | D        | Killed a quasit
  9197 | D        | Killed a neqoxec
  9203 | D        | Killed a smoke demon
  9230 | D        | Got an abyssal rune of Zot
  9355 | D        | Noticed Geryon
  9385 | D        | Killed Geryon
  9642 | D        | Got the Orb of Zot
  9725 | D        | Reached skill level 5 in Summonings
 10230 | D        | Reached skill level 10 in Summonings
 10593 | D        | Noticed Raumuim the pandemonium lord
 10603 | D        | Killed Raumuim the pandemonium lord
 10603 | D        | Reached skill level 15 in Summonings
 10604 | D        | Noticed an ancient lich
 10607 | D        | Pacified an ancient lich
 10865 | D        | Reached XP level 20. HP: 225/236 MP: 20/20
 10868 | D        | Noticed Enaresalee the pandemonium lord
 10876 | D        | Pacified a guardian serpent
 10878 | D        | Killed Enaresalee the pandemonium lord
 10889 | D        | Killed a guardian serpent
 10936 | D        | Noticed Ches the pandemonium lord
 10957 | D        | Killed Ches the pandemonium lord
 10965 | D        | Learned a level 6 spell: Monstrous Menagerie
 11074 | D        | Noticed an ancient lich
 11076 | D        | Pacified an ancient lich
 11122 | D        | Gained mutation: Your body is deteriorating. [a cacodemon]
 11154 | D        | Noticed Hoatits the pandemonium lord
 11169 | D        | Killed Hoatits the pandemonium lord
 11372 | D        | Bought a potion of restore abilities for 65 gold pieces
 11372 | D        | Bought a potion of haste for 130 gold pieces
 11372 | D        | Bought a potion of heal wounds for 65 gold pieces
 11372 | D        | Bought a potion of beneficial mutation for 455 gold pieces
 11372 | D        | Bought a potion of restore abilities for 65 gold pieces
 11373 | D        | Gained mutation: You are surrounded by a mild repulsion field (EV +2). [potion of beneficial mutation]
 11570 | D        | Noticed Trauxa the pandemonium lord
 11623 | D        | Killed Trauxa the pandemonium lord
 11751 | D        | Noticed BluebellGnoll's illusion
 11754 | D        | Killed Mara
 11761 | D        | Noticed Vyohomuu the pandemonium lord
 11764 | D        | Killed Vyohomuu the pandemonium lord
 11764 | D        | Reached skill level 10 in Spellcasting
 11887 | D        | Killed Ereshkigal
 12093 | D        | Gained mutation: You are frail (-10% HP). [a neqoxec]
 12099 | D        | Gained mutation: Your body is rapidly deteriorating. [a neqoxec]
 12128 | D        | Escaped with the Orb!

Action                   |  1- 3 |  4- 6 |  7- 9 | 10-12 | 13-15 | 16-18 | 19-21 || total
-------------------------+-------+-------+-------+-------+-------+-------+-------++-------
Melee: War axe           |    34 |       |       |       |       |       |       ||    34
       Broad axe         |       |     2 |    55 |   182 |   312 |   587 |   460 ||  1598
Throw: Javelin           |       |       |       |       |    46 |    67 |   267 ||   380
       Tomahawk          |       |       |       |       |     2 |       |       ||     2
       Throwing net      |       |       |       |       |     2 |       |       ||     2
 Cast: Monstrous Menager |       |       |       |       |       |       |     4 ||     4
Invok: Lesser Healing    |       |       |     5 |     6 |     2 |     2 |       ||    15
       Greater Healing   |       |       |     9 |    44 |    62 |    57 |    62 ||   234
       Lesser Self-Heali |       |       |    14 |     6 |     5 |     3 |     1 ||    29
       Greater Self-Heal |       |       |     1 |    12 |    15 |    27 |    13 ||    68
       Divine Vigour     |       |       |       |    11 |    12 |    12 |    15 ||    50
       Purification      |       |       |       |       |       |       |     3 ||     3
 Abil: Device Recharging |       |       |     3 |     2 |     6 |     6 |     6 ||    23
       Evoke Invisibilit |       |       |       |       |     3 |     3 |     1 ||     7
Evoke: Wand              |       |     5 |     6 |    11 |    80 |    44 |    30 ||   176
       Staff of energy   |       |       |       |       |    15 |       |       ||    15
  Use: Potion            |     1 |       |       |       |     3 |     2 |     5 ||    11
       Scroll            |       |       |       |     4 |     9 |     5 |       ||    18
 Stab: Distracted        |       |       |       |       |     1 |     1 |     1 ||     3
       Invisible         |       |       |       |       |     9 |    14 |     2 ||    25
  Eat: Chunk             |       |       |     7 |    28 |    48 |    38 |    29 ||   150
       Beef jerky        |       |       |       |     1 |       |       |       ||     1
       Fruit             |       |       |       |     4 |     3 |     4 |     7 ||    18
       Bread ration      |       |       |       |     1 |     1 |       |     1 ||     3
       Meat ration       |       |       |       |       |       |     3 |     5 ||     8
